 Dungeon Crawl Stone Soup version 0.30-a0-634-g8abc85282e (webtiles) character file.

Game seed: 10329967553195164492

81 bande the Trooper (level 4, -11/29 HPs)
             Began as a Gargoyle Fighter on Jan 14, 2023.
             Mangled by an ogre
             ... wielding a +0 giant club
              (12 damage)
             ... on level 4 of the Dungeon.
             The game lasted 00:04:02 (2027 turns).

bande the Trooper (Gargoyle Fighter)                Turns: 2027, Time: 00:04:02

Health: -11/29     AC: 17    Str: 19    XL:     4   Next: 40%
Magic:  4/4        EV:  7    Int:  9    God:
Gold:   151        SH:  4    Dex: 11    Spells: 3/3 levels left

rFire   + . .      SeeInvis .    a - +0 war axe
rCold   . . .      Faith    .    c - +0 buckler
rNeg    + + .      Spirit   .    o - +2 chain mail {rN+}
rPois   ∞          Reflect  .    (no helmet)
rElec   +          Harm     .    (no cloak)
rCorr   .          Rampage  .    p - +0 pair of gloves
Will    .....                    m - +0 pair of boots Stlth
                                 (no amulet)
HPRegen 0.24/turn                b - ring of protection from fire
MPRegen 0.09/turn                (no ring)

@: no status effects
A: sickness immunity, AC +3, negative energy resistance 1, electricity
resistance, torment resistance 1, petrification resistance
a: no special abilities


You were on level 4 of the Dungeon.
You visited 1 branch of the dungeon, and saw 4 of its levels.

You collected 151 gold pieces.

Inventory:

Hand Weapons
 a - a +0 war axe (weapon)
 n - a +0 flail
Armour
 c - a +0 buckler (worn)
 m - a +0 pair of boots (worn)
 o - a +2 chain mail of positive energy (worn)
 p - a +0 pair of gloves (worn)
Jewellery
 b - a ring of protection from fire (left hand)
Scrolls
 i - a scroll of teleportation
 j - 2 scrolls of poison
 s - a scroll of identify
Potions
 d - 2 potions of might
 e - 2 potions of flight
 f - 2 potions of haste
 g - a potion of curing {unknown}
 h - a potion of lignification {unknown}
 k - a potion of berserk rage {unknown}
 l - a potion of attraction {unknown}
 q - a potion of cancellation {unknown}
 r - a potion of ambrosia {unknown}


   Skills:
 + Level 3.9 Fighting
 + Level 2.9 Axes
 + Level 3.8 Armour
 + Level 3.7 Shields


You had 3 spell levels left.
You didn't know any spells.
Your spell library contained the following spells:

 Spells                   Type           Power      Damage    Failure   Level
 Apportation              Tloc           0%         N/A       99%         1
 Necrotise                Necr           0%         1d4       99%         1
 Summon Small Mammal      Summ           0%         N/A       99%         1
 Poisonous Vapours        Pois/Air       0%         N/A       100%        2
 Gell's Gravitas          Tloc           0%         N/A       100%        3
 Mephitic Cloud           Conj/Pois/Air  0%         N/A       100%        3
 Portal Projectile        Hex/Tloc       0%         N/A       100%        3
 Teleport Other           Tloc           0%         N/A       100%        3
 Tukima's Dance           Hex            0%         N/A       100%        3
 Blade Hands              Tmut           0%         N/A       100%        5
 Dispersal                Tloc           0%         N/A       100%        6
 Cigotuvi's Dreadful Rot  Necr/Pois/Air  Unusable   N/A       N/A         2

Dungeon Overview and Level Annotations

Branches:
Dungeon (4/15)
 Temple: D:4-7

Altars:
The Shining One


Innate Abilities, Weirdness & Mutations

You are immune to sickness and miasma.
Your stone body is resilient. (AC +3)
You are immune to poison.
You resist negative energy. (rN+)
You are resistant to electric shocks. (rElec)
You are resistant to unholy torment.
You are immune to petrification.


Message History

Found a whip.
No target in view!
You pick up a book of Cantrips and begin reading...
You add the spells Necrotise, Summon Small Mammal and Apportation to your library.
You see here a +0 whip.
You see here a +0 dagger.
s - a scroll of identify
There is a shaft here.
Items here: ))) [.
You see here a +0 short sword.
There is an open door here.
As you open the door, it creaks loudly!
There is an open door here.
Done exploring.
Done exploring.
There is a stone staircase leading down here.
You climb downwards.
The ogre shouts!
Found 2 brown potions.
Found a stone staircase leading down.
There is a stone staircase leading up here.
There is a stone staircase leading up here.
You hit the ogre.
The ogre is lightly wounded.
The ogre hits you with a +0 giant club.
A giant cockroach comes into view.
You barely miss the ogre.
The ogre is lightly wounded.
The ogre hits you with a +0 giant club!
You slash the ogre!
The ogre is heavily wounded.
The ogre barely misses you.
You slash the ogre!
The ogre is almost dead.
The ogre hits you with a +0 giant club!
* * * LOW HITPOINT WARNING * * *
You closely miss the ogre.
The ogre is almost dead.
The giant cockroach bites you but does no damage.
The ogre hits you with a +0 giant club!
You die...

.... ....#
.... # ...#
##. ..#
##..## #..#
##.....#...#
......O@..#
......B...#
.........>#
..........#
...........#
...........#
.!.........#
...........#
##.....#####


You could see an ogre and a giant cockroach.

Vanquished Creatures
  2 adders (D:2)
  2 worms (D:2)
  A dart slug (D:2)
  5 orcs (D:3)
  5 bats
  6 endoplasms
  3 giant cockroaches (D:1)
  4 goblins (D:2)
  A hobgoblin (D:1)
  3 quokkas
  4 ball pythons
  3 frilled lizards
  4 kobolds
  3 rats
46 creatures vanquished.

Notes
Turn   | Place    | Note
-------+----------+-------------------------------------------
     0 | D:1      | bande the Gargoyle Fighter began the quest for the Orb.
     0 | D:1      | Reached XP level 1. HP: 14/14 MP: 1/1
    86 | D:1      | Reached XP level 2. HP: 19/19 MP: 2/2
   547 | D:2      | Found a faded altar of an unknown god.
   549 | D:2      | Noticed an eye of devastation
   550 | D:2      | Noticed a great orb of eyes
   550 | D:2      | Noticed a shining eye
   550 | D:2      | Noticed a floating eye
   560 | D:2      | Reached XP level 3. HP: 21/24 MP: 3/3
   892 | D:2      | Reached XP level 4. HP: 29/29 MP: 4/4
  1329 | D:3      | Found a glowing golden altar of the Shining One.
  2019 | D:4      | Noticed an ogre
  2026 | D:4      | HP: 1/29 [ogre/+0 giant club (11)]
  2027 | D:4      | Mangled by an ogre

Illustrated notes

Levels and vault maps discovered:
D:1:      amcnicky_arrival_choice, layout_rooms
D:2:      layout_basic, hellmonk_ecumenical_altar_watching_god
D:3:      layout_loops_ring, mainiacjoe_overflow_six_doors_small
D:4:      minmay_chambers_of_threes, layout_rooms, uniq_sigmund

Skill      XL: |  1  2 |
---------------+-------+-----
Axes           | 2 |  2.9
Fighting       | |  3.9
Armour         | |  3.8
Shields        | |  3.7

Action                   |  1- 3 |  4- 6 || total
-------------------------+-------+-------++-------
Melee: War axe           |    91 |    57 ||   148
  Use: Scroll            |     3 |     3 ||     6
Armor: Scale mail        |    14 |       ||    14
       Plate armour      |    61 |    23 ||    84
       Chain mail        |       |    10 ||    10
Dodge: Dodged            |    34 |    15 ||    49
Block: Buckler           |    18 |    18 ||    36

Table legend: (Time is in decaauts)
 A = Elapsed time spent in this place.
 B = Non-inter-level travel time spent in this place.
 C = Inter-level travel time spent in this place.
 D = Time resting spent in this place.
 E = Time spent auto-exploring this place.
 F = Levels seen in this place.
 G = Mean time per level.
                   A        B        C        D        E       F      G
               +--------+--------+--------+--------+--------+-----+--------+
         Total |   2087 |   2087 |      0 |    155 |   1407 |   4 |  521.8 |
       Dungeon |   2087 |   2087 |      0 |    155 |   1407 |   4 |  521.8 |
               +--------+--------+--------+--------+--------+-----+--------+

Top non-repeatable levels by time:
     D:3: 882 daAuts
     D:2: 690 daAuts
     D:1: 504 daAuts
     D:4: 9 daAuts
